 Dungeon Crawl Stone Soup version 0.25-a0-829-g4e6a552925 (webtiles) character file.

Game seed: 15388827080977940894, levelgen mode: deterministic

495 DavidChitty2 the Chopper (level 7, 0/61 HPs)
             Began as a Hill Orc Fighter on Apr 21, 2020.
             Slain by a hound (2 damage)
             ... on level 4 of the Dungeon.
             The game lasted 00:01:57 (1757 turns).

DavidChitty2 the Chopper (Hill Orc Fighter)         Turns: 1757, Time: 00:01:58

Health: 0/61       AC: 13    Str: 21    XL:     7   Next: 15%
Magic:  7/7        EV:  5    Int:  8    God:
Gold:   239        SH:  9    Dex: 10    Spells: 6/6 levels left

rFire    . . .     SeeInvis .   a - +0 war axe
rCold    . . .     Gourm    .   c - +0 kite shield
rNeg     . . .     Faith    .   n - +0 chain mail
rPois    .         Spirit   .   (no helmet)
rElec    .         Reflect  .   (no cloak)
rCorr    .         Harm     .   (no gloves)
MR       .....                  (no boots)
Stlth    ..........             (no amulet)
HPRegen  0.20/turn              h - +4 ring of protection
MPRegen  0.10/turn              (no ring)

@: no status effects
A: no striking features
a: no special abilities


You were on level 4 of the Dungeon.
You were not hungry.

You visited 1 branch of the dungeon, and saw 4 of its levels.

You collected 239 gold pieces.

Inventory:

Hand Weapons
 a - a +0 war axe (weapon)
Missiles
 p - a throwing net (quivered) {!f}
Armour
 c - a +0 kite shield (worn)
 n - a +0 chain mail (worn)
   (You found it on level 1 of the Dungeon)
Jewellery
 h - a +4 ring of protection (left hand)
   (You found it on level 1 of the Dungeon)
 m - a +2 ring of dexterity {unknown}
   (You found it on level 1 of the Dungeon)
Scrolls
 f - a scroll of amnesia {unknown}
 g - a scroll of magic mapping {unknown}
 i - 2 scrolls of identify {unknown}
 j - 2 scrolls of enchant weapon {unknown}
 l - 2 scrolls of teleportation {unknown}
 o - a scroll of remove curse {unknown}
 r - a scroll of blinking {unknown}
Potions
 d - a potion of might
 k - 3 potions of curing {unknown}
 q - a potion of stabbing {unknown}
Comestibles
 b - 3 chunks of flesh
 e - 6 rations {!d}


   Skills:
 + Level 5.2 Fighting
 * Level 6.5 Axes
 + Level 4.9 Armour
 + Level 4.8 Shields


You had 6 spell levels left.
You didn't know any spells.
Your spell library was empty.

Dungeon Overview and Level Annotations

Branches:
Dungeon (4/15)
 Temple: D:4-7

Altars:
Qazlal

Annotations:
D:4 1 runed translucent door


Message History

You slash the adder! You block the adder's attack. x2
You slash the adder!
You kill the adder!
Some of the chunks of flesh in your inventory have rotted away.
No target in view!
No target in view!
No target in view!
No target in view!
No target in view!
No target in view!
No target in view!
No target in view!
No target in view!
You butcher the adder corpse.
b - 5 chunks of flesh (gained 2)
You see here an adder skeleton. x2
An ogre comes into view. It is wielding a +0 giant club.
The ogre shouts!
You hear two shouts!
A centaur skeleton comes into view.
There are monsters nearby!
There are monsters nearby!
You slash the ogre! You block the ogre's attack.
You hit the ogre but do no damage. The ogre barely misses you.
You slash the ogre! You block the ogre's attack.
Your shield and chain mail prevent you from hitting the ogre.
The ogre hits you with a +0 giant club!!
You hit the ogre. The ogre hits you with a +0 giant club!
* * * LOW HITPOINT WARNING * * *
Some of the chunks of flesh in your inventory have rotted away.
You completely miss the ogre.
The ogre hits you with a +0 giant club!!
* * * LOW HITPOINT WARNING * * *
You slash the ogre!
You kill the ogre!
You have reached level 7!
You block the centaur skeleton's attack.
You slice the centaur skeleton!! The centaur skeleton hits you.
* * * LOW HITPOINT WARNING * * *
You hit the centaur skeleton.
You block the centaur skeleton's attack.
The centaur skeleton hits you but does no damage.
A hound comes into view.
The hound barks!
You slash the centaur skeleton!
You destroy the centaur skeleton!
You hear two shouts!
The hound bites you but does no damage.
You see here a +0 giant club.
You hit the hound. The hound barely misses you. The hound bites you.
You die...

####.##.###.####.##
##....#....#.......##
............÷........
##.######.....###...#
........##.##.......#
##.####.#####...###.#
................# #
.#.####.####.#.####..#
.#... #.#..@h...#
.##### #.######..# .#
..# # .# ### .# ...
####+ ≈


You could see a hound.

Vanquished Creatures
  Sigmund (D:2)
  A necrophage (D:4)
  An ogre (D:4)
  A centaur skeleton (D:4)
  6 adders
  A worm (D:3)
  10 orcs (D:3)
  2 ball pythons
  5 bats
  4 giant cockroaches
  4 goblins
  11 hobgoblins
  11 jackals
  A quokka (D:3)
  3 frilled lizards
  3 kobolds
  7 rats
72 creatures vanquished.

Notes
Turn   | Place    | Note
-------+----------+-------------------------------------------
     0 | D:1      | DavidChitty2 the Hill Orc Fighter began the quest for the
                  | Orb.
     0 | D:1      | Reached XP level 1. HP: 19/19 MP: 1/1
   160 | D:1      | Reached skill level 3 in Axes
   239 | D:1      | Reached XP level 2. HP: 27/27 MP: 2/2
   554 | D:2      | Reached XP level 3. HP: 33/33 MP: 3/3
   710 | D:2      | Noticed Sigmund
   721 | D:2      | Reached skill level 4 in Axes
   728 | D:2      | Killed Sigmund
   728 | D:2      | Reached skill level 5 in Axes
   728 | D:2      | Reached XP level 4. HP: 26/41 MP: 4/4
   728 | D:2      | Reached XP level 5. HP: 30/47 MP: 5/5
  1116 | D:2      | Reached XP level 6. HP: 53/53 MP: 6/6
  1447 | D:3      | Found a stormy altar of Qazlal.
  1701 | D:4      | Noticed a necrophage
  1711 | D:4      | Killed a necrophage
  1711 | D:4      | Reached skill level 5 in Fighting
  1711 | D:4      | Reached skill level 6 in Axes
  1712 | D:4      | Found a runed translucent door.
  1752 | D:4      | Reached XP level 7. HP: 4/61 MP: 7/7
  1753 | D:4      | HP: 1/61 [centaur skeleton (3)]
  1757 | D:4      | Slain by a hound

Levels and vault maps discovered:
D:1:      psy_arrival_fountain, layout_basic
D:2:      layout_loops_cross, uniq_sigmund
D:3:      layout_basic, lemuel_crystal_altar, minivault_4, st_stairs_8
D:4:      layout_basic, ebering_ghost_sewer_f, serial_shops, shop, uniq_edmund,
          uniq_natasha

Skill      XL: |  1  2  3  4  5  6 |
---------------+-------------------+-----
Axes           | 3 5 6 |  6.5
Fighting       | 4 5 |  5.2
Armour         | 4 |  4.9
Shields        | 4 |  4.8

Action                   |  1- 3 |  4- 6 |  7- 9 || total
-------------------------+-------+-------+-------++-------
Melee: War axe           |    62 |   136 |     4 ||   202
  Eat: Chunk             |       |     3 |       ||     3
Armor: Scale mail        |    16 |       |       ||    16
       Chain mail        |    23 |   105 |     2 ||   130
Dodge: Dodged            |    24 |    32 |     1 ||    57
Block: Kite shield       |    19 |    61 |     2 ||    82

Table legend:
 A = Non-vault XP
 B = Vault XP
 C = Vault XP percentage of total XP
 D = Non-vault monster count
 E = Vault monster count
 F = Vault count percentage of total count
                 A         B        C        D         E       F
            +---------+---------+-------+---------+---------+-------
      Total |     479 |     229 |  32.3 |      70 |       2 |   2.8
            +---------+---------+-------+---------+---------+-------
        D:1 |      19 |       0 |   0.0 |      12 |       0 |   0.0
        D:2 |      78 |     227 |  74.4 |      24 |       1 |   4.0
        D:3 |      91 |       2 |   2.2 |      30 |       1 |   3.2
        D:4 |     291 |       0 |   0.0 |       4 |       0 |   0.0
            +---------+---------+-------+---------+---------+-------
